 Dungeon Crawl Stone Soup version 0.21.0-3-g78d12a8 (webtiles) character file.

98687 inmateoo the Bludgeoner (level 15, -10/140 HPs)
             Began as a Deep Dwarf Fighter on Jan 13, 2018.
             Was the Champion of the Shining One.
             Mangled by a hell knight
             ... wielding a +0 demon whip
              (16 damage)
             ... on level 1 of the Iron City of Dis.
             The game lasted 00:29:59 (15996 turns).

inmateoo the Bludgeoner (Deep Dwarf Fighter)       Turns: 15996, Time: 00:30:00

Health: -10/140    AC: 25    Str: 26    XL:     15   Next: 75%
Magic:  4/12       EV:  7    Int:  9    God:    the Shining One [******]
Gold:   931        SH: 17    Dex: 12    Spells: 14/14 levels left

rFire    . . .     SeeInvis .   Q - +5 morningstar (holy)
rCold    . . .     Gourm    .   c - +0 shield
rNeg     + + +     Faith    .   B - +0 plate armour
rPois    .         Spirit   .   m - +1 hat
rElec    .         Reflect  +   i - +1 cloak
rCorr    .         Harm     .   (no gloves)
MR       ++...                  P - +0 pair of boots {Fly}
Stlth    ..........             C - +3 amulet of reflection
HPRegen  0.00/turn              t - ring of magical power
MPRegen  0.13/turn              T - +5 ring of protection

@: flying, non-regenerating, glowing, studying Shields
A: damage resistance, heal wounds, negative energy resistance 1, sense
surroundings 2, no regeneration
a: Heal Wounds, Divine Shield, Cleansing Flame, Summon Divine Warrior, Renounce
Religion, Stop Flying


You were on level 1 of the Iron City of Dis.
You worshipped the Shining One.
The Shining One was exalted by your worship.
You were not hungry.

You visited 4 branches of the dungeon, and saw 18 of its levels.
You also visited: Labyrinth and Bailey.

You collected 1087 gold pieces.
You spent 156 gold pieces at shops.

Inventory:

Hand Weapons
 G - the +10 whip of Juyziud {protect, +Fly rElec Dex+6}
   (You took it off an orc wizard on level 8 of the Dungeon)

   It protects the one who uses it against injury (+AC on strike).
   It affects your dexterity (+6).
   It insulates you from electricity.
   It lets you fly.
 Q - a +5 morningstar of holy wrath (weapon)
Armour
 a - a +0 pair of boots
 c - a +0 shield (worn)
 i - a +1 cloak (worn)
 m - a +1 hat (worn)
 B - a +0 plate armour (worn)
 P - a +0 pair of boots of flying (worn)
Jewellery
 o - an uncursed ring of fire
 p - an uncursed ring of protection from magic
 t - a ring of magical power (left hand)
 w - an uncursed ring of ice
 C - a +3 amulet of reflection (around neck)
 T - a +5 ring of protection (right hand)
Wands
 n - a wand of paralysis (11)
 y - a wand of flame (53)
 A - a wand of iceblast (19)
 D - a wand of enslavement (27)
 H - a wand of acid (14)
 M - a wand of polymorph (32)
 N - a wand of digging (49)
Scrolls
 g - a scroll of identify
 h - 13 scrolls of remove curse
 k - 3 scrolls of fear
 l - 5 scrolls of amnesia
 u - a scroll of silence
 v - 8 scrolls of enchant armour
 x - 5 scrolls of teleportation
Potions
 b - 2 potions of cancellation
 d - 2 potions of might
 e - 2 potions of berserk rage
 j - 5 potions of mutation
 q - a potion of haste
 s - 4 potions of curing
 z - 2 potions of brilliance
 F - a potion of magic
 J - 3 potions of flight
Books
 K - a book of Battle

   Spells                             Type                      Level
   a - Infusion                       Charms                       1
   b - Shroud of Golubria             Charms/Translocation         2
   c - Song of Slaying                Charms                       2
   d - Spectral Weapon                Hexes/Charms                 3
   e - Regeneration                   Charms/Necromancy            3
 L - a book of Changes

   Spells                             Type                      Level
   a - Beastly Appendage              Transmutation                1
   b - Sticks to Snakes               Transmutation                2
   c - Spider Form                    Transmutation/Poison         3
   d - Ice Form                       Ice/Transmutation            4
   e - Blade Hands                    Transmutation                5
 O - a book of Power

   Spells                             Type                      Level
   a - Iskenderun's Battlesphere      Conjuration/Charms           5
   b - Venom Bolt                     Conjuration/Poison           5
   c - Bolt of Magma                  Conjuration/Fire/Earth       5
   d - Iron Shot                      Conjuration/Earth            6
   e - Orb of Destruction             Conjuration                  7
   f - Spellforged Servitor           Conjuration/Summoning        7
 R - a manual of Shields
Comestibles
 f - 20 rations


   Skills:
 - Level 10.5 Fighting
 * Level 16.3 Maces & Flails
 - Level 12.2 Armour
 + Level 15.4 Shields
 * Level 15.6 Invocations


You had 14 spell levels left.
You didn't know any spells.

Dungeon Overview and Level Annotations

Branches:
Dungeon (15/15)            Temple (0/1) D:6            Lair (0/6) D:8
    Orc (0/2) D:11         Vaults (0/5) D:14         Depths (1/5) D:15
   Hell (1/1)                 Dis (1/7) Hell            Coc (0/7) Hell
    Tar (0/7) Hell
    Geh: Hell:1

Altars:
Ashenzari
Cheibriados
Dithmenos
Gozag
Hepliaklqana
Okawaru
Ru
Trog
Vehumet
Wu Jian
Yredelemnul
Zin
The Shining One
Beogh

Shops:
D:4 (   D:13 (

Portals:
Hell: Depths:1


Innate Abilities, Weirdness & Mutations

You are resistant to damage.
You can heal yourself by infusing magical energy.
You resist negative energy. (rN+)
You passively map the area around you.
You do not regenerate.


Message History

The puff of flame hits you!
You hit the hell knight.
The hell knight is moderately wounded.
You hit the hell knight.
The hell knight is severely wounded.
The hell knight hits you but does no damage. "We do not forgive those who trespass against us!"
You hit the hell knight but do no damage.
The hell knight is severely wounded.
You block the hell knight's attack. x2
You hit the hell knight.
The hell knight is almost dead.
You block the hell knight's attack.
The hell knight gestures at you while chanting.
The bolt of fire hits the hell knight.
The hell knight completely resists.
The bolt of fire misses you. You block the hell knight's attack.
You hit the hell knight.
The hell knight is almost dead.
The hell knight hits you with a demon whip!
You die...

, ,#......#....# ,, ,
* , #......#....# , *
########'#### ,, *
.......#...# , ,
,,*.......#...##+#####
* , ,
.......+...#....... *
, .......#...#.......
, ,,
.......#...#p...... *
, .......#..@#.......
,, ,
.......#..ppp...... ,
* * ############


You could see 3 hell knights.

Vanquished Creatures
  Geryon (Hell)
  Rupert (D:14)
  A shadow dragon (Hell)
  Kirke (D:12)
  7 reapers
  A war gargoyle (Hell)
  2 stone giants (Depths:1)
  A lorocyproca (Hell)
  A blizzard demon (Hell)
  A minotaur (Lab)
  Snorg (D:12)
  4 green deaths
  A rakshasa (Depths:1)
  2 centaur warriors
  10 two-headed ogres
  A deep troll shaman (Depths:1)
  An ogre mage (Depths:1)
  2 soul eaters (Hell)
  4 sun demons (Hell)
  Urug (D:13)
  Nergalle (D:10)
  10 skeletal warriors
  A storm dragon zombie (Dis:1)
  A flayed ghost (Dis:1)
  A hell knight (Dis:1)
  An anaconda zombie (Hell)
  A deep troll (D:9)
  6 unseen horrors
  A spark wasp zombie (D:15)
  A necromancer (D:15)
  A phantasmal warrior (D:15)
  3 orc knights
  5 deep elf magi
  2 frost giant zombies
  A fire giant zombie (D:15)
  2 cyclopes
  An ugly thing (D:11)
  3 centaur zombies
  Maurice (D:9)
  An orange demon (Hell)
  5 rust devils
  2 gargoyles (D:15)
  2 hellions (Dis:1)
  A komodo dragon (shapeshifter) (D:15)
  An anaconda simulacrum (Hell)
  2 kobold demonologists (D:14)
  A yaktaur (Depths:1)
  5 tormentors
  3 freezing wraiths
  4 ice devils
  3 komodo dragons
  A red devil (Dis:1)
  4 trolls
  Grinder (D:5)
  A jumping spider (shapeshifter) (Depths:1)
  3 hornets (D:9)
  2 hydra zombies (Hell)
  3 meliai (D:14)
  An ettin zombie (Dis:1)
  A hydra skeleton (Hell)
  A fire dragon zombie (Dis:1)
  4 slime creatures (D:12)
  6 hippogriffs
  An ettin skeleton (D:15)
  A black mamba zombie (Dis:1)
  An alligator skeleton (Hell)
  4 water elementals (D:13)
  3 shadows
  26 yaks
  A wyvern (D:8)
  3 vampires
  5 basilisks
  2 wraiths
  A fire elemental (Hell)
  16 humans (D:14)
  4 vampire mosquitoes
  7 hungry ghosts
  2 soldier ants (D:9)
  3 acid dragons
  3 wargs
  Duvessa (D:5)
  4 hell hounds (Hell)
  A water moccasin (D:12)
  2 ice beasts
  A spiny frog zombie (Hell)
  22 orc warriors
  A black bear (D:9)
  3 sky beasts
  2 spiny frog skeletons (Hell)
  2 eyes of draining
  2 necrophages
  5 phantoms
  An alligator simulacrum (Hell)
  11 centaurs
  8 ogres
  A crocodile (D:7)
  3 big kobolds
  Blork the orc (D:5)
  10 bullfrogs
  Dowan (D:5)
  3 scorpions
  30 wights
  4 howler monkeys
  4 spriggan skeletons (D:12)
  6 electric eels
  A troll skeleton (D:12)
  12 crimson imps
  A bullfrog zombie (D:12)
  A quasit (D:14)
  A bullfrog skeleton (D:9)
  3 hounds
  5 jellies
  17 orc wizards
  12 centaur skeletons
  13 orc priests
  2 iron imps (Dis:1)
  Ijyb (D:3)
  5 iguanas
  11 worker ants
  A hound zombie (D:8)
  A hound skeleton (D:5)
  A howler monkey zombie (D:7)
  A worker ant zombie (D:8)
  14 adders
  3 shadow imps
  3 oozes
  2 adder zombies
  2 adder skeletons
  2 worms (D:3)
  4 dart slugs
  4 leopard geckos
  65 orcs
  5 ball pythons
  6 giant cockroaches
  7 goblins
  4 hobgoblins
  15 jackals
  8 quokkas
  17 bats
  3 frilled lizards
  25 kobolds
  A leopard gecko skeleton (D:6)
  5 rats
  A spectral orc (D:7)
642 creatures vanquished.

Vanquished Creatures (collateral kills)
  A hydra (D:11)
  A death knight (D:11)
  A skeletal warrior (D:11)
  2 orc warriors (D:11)
  A centaur (D:11)
  An orc wizard (D:11)
  An orc (D:11)
8 creatures vanquished.

Vanquished Creatures (others)
  A centaur warrior (D:14)
  A yaktaur (Depths:1)
  4 humans (D:12)
  A hydra simulacrum (Hell)
  3 orc warriors (Bailey)
  2 centaurs (D:10)
  2 orcs (Bailey)
  8 plants (Depths:1)
  10 withered plants (D:15)
32 creatures vanquished.

Grand Total: 682 creatures vanquished

Notes
Turn   | Place    | Note
-------+----------+-------------------------------------------
     0 | D:1      | inmateoo the Deep Dwarf Fighter began the quest for the Orb.
     0 | D:1      | Reached XP level 1. HP: 20/20 MP: 1/1
   103 | D:1      | Reached XP level 2. HP: 27/27 MP: 2/2
   557 | D:1      | Reached XP level 3. HP: 29/33 MP: 3/3
  1045 | D:2      | Found a hazy altar of Hepliaklqana.
  1069 | D:2      | Found a sacrificial altar of Ru.
  1289 | D:2      | Found a shadowy altar of Dithmenos.
  1405 | D:2      | Reached skill level 3 in Maces & Flails
  1775 | D:3      | Noticed Ijyb
  1784 | D:3      | Killed Ijyb
  1784 | D:3      | Reached XP level 4. HP: 27/42 MP: 4/4
  1950 | D:3      | Found an opulent altar of Gozag.
  2020 | D:3      | Reached XP level 5. HP: 38/49 MP: 4/4
  2129 | D:3      | Found a glowing golden altar of the Shining One.
  2132 | D:3      | Became a worshipper of the Shining One
  2177 | D:3      | Found a shattered altar of Ashenzari.
  2223 | D:3      | Found a snail-covered altar of Cheibriados.
  2306 | D:3      | Reached skill level 4 in Maces & Flails
  2578 | D:4      | Reached XP level 6. HP: 51/56 MP: 5/5
  2602 | D:4      | Found Saffor's Antique Weapon Shoppe.
  2649 | D:4      | Bought a glowing flail for 156 gold pieces
  2783 | D:4      | Found an ornate altar of the Wu Jian Council.
  3119 | D:5      | Entered Level 5 of the Dungeon
  3177 | D:5      | Noticed Blork the orc
  3188 | D:5      | Killed Blork the orc
  3188 | D:5      | Reached skill level 5 in Maces & Flails
  3188 | D:5      | Reached XP level 7. HP: 49/63 MP: 6/6
  3222 | D:5      | Reached skill level 5 in Armour
  3222 | D:5      | Reached skill level 5 in Shields
  3296 | D:5      | Noticed an angel
  3297 | D:5      | Found a glowing silver altar of Zin.
  3327 | D:5      | Reached * piety under the Shining One
  3367 | D:5      | Reached skill level 1 in Invocations
  3419 | D:5      | Noticed Duvessa
  3422 | D:5      | Noticed Dowan
  3436 | D:5      | Killed Duvessa
  3443 | D:5      | Killed Dowan
  3480 | D:5      | Reached skill level 6 in Maces & Flails
  3480 | D:5      | Reached XP level 8. HP: 67/73 MP: 0/8
  3744 | D:5      | Noticed Grinder
  3750 | D:5      | Killed Grinder
  4196 | D:6      | Reached skill level 5 in Fighting
  4258 | D:6      | Found a staircase to the Ecumenical Temple.
  4369 | D:6      | Reached skill level 7 in Maces & Flails
  4438 | D:6      | Reached ** piety under the Shining One
  4519 | D:6      | Found an iron altar of Okawaru.
  4550 | D:6      | Gained mutation: You passively map the area around you. [Deep Dwarf growth]
  4550 | D:6      | Reached XP level 9. HP: 81/81 MP: 9/9
  4597 | D:6      | You fall through a shaft for 3 floors!
  4598 | D:9      | Noticed a two-headed ogre
  4613 | D:9      | Killed a two-headed ogre
  4613 | D:9      | Reached skill level 8 in Maces & Flails
  4613 | D:9      | Reached skill level 5 in Invocations
  4620 | D:9      | Found a radiant altar of Vehumet.
  4677 | D:9      | Noticed a deep troll
  4700 | D:9      | Killed a deep troll
  5036 | D:9      | Reached XP level 10. HP: 64/91 MP: 10/10
  5042 | D:9      | Reached skill level 9 in Maces & Flails
  5278 | D:8      | Reached *** piety under the Shining One
  5282 | D:8      | Found a staircase to the Lair.
  5453 | D:8      | Got a brightly glowing whip {protect}
  5454 | D:8      | Identified the +10 whip of Juyziud {protect, +Fly rElec Dex+6} (You took it off an orc wizard on level 8 of the Dungeon)
  5574 | D:8      | Found a bloodstained altar of Trog.
  5582 | D:8      | Found an iron altar of Okawaru.
  6345 | D:7      | Reached skill level 10 in Maces & Flails
  6392 | D:7      | Reached **** piety under the Shining One
  6823 | D:7      | Found a basalt altar of Yredelemnul.
  7324 | D:9      | Reached XP level 11. HP: 67/100 MP: 11/11
  7332 | D:9      | Paralysed by a hornet for 3 turns
  7743 | D:9      | Noticed Maurice
  7761 | D:9      | Killed Maurice
  7909 | D:10     | Entered Level 10 of the Dungeon
  8087 | D:10     | Noticed a two-headed ogre
  8096 | D:10     | Killed a two-headed ogre
  8191 | D:10     | Noticed a two-headed ogre
  8192 | D:10     | Noticed Nergalle
  8205 | D:10     | Killed a two-headed ogre
  8225 | D:10     | Killed Nergalle
  8225 | D:10     | Reached skill level 11 in Maces & Flails
  8515 | D:10     | Noticed a two-headed ogre
  8526 | D:10     | Killed a two-headed ogre
  8794 | D:11     | Found a staircase to the Orcish Mines.
  8809 | D:11     | Reached ***** piety under the Shining One
  8988 | D:11     | Noticed a two-headed ogre
  9006 | D:11     | Killed a two-headed ogre
  9042 | D:11     | Reached XP level 12. HP: 58/110 MP: 11/11
  9097 | D:11     | Noticed a death knight
  9112 | D:11     | Killed a death knight
  9169 | D:11     | Reached skill level 12 in Maces & Flails
  9169 | D:11     | Reached skill level 10 in Invocations
  9200 | D:11     | Noticed a five-headed hydra
  9206 | D:11     | Killed a five-headed hydra
  9248 | D:11     | Found a roughly hewn altar of Beogh.
  9263 | D:11     | Reached skill level 10 in Armour
  9557 | D:12     | Reached skill level 10 in Shields
  9663 | D:12     | Noticed Kirke
  9690 | D:12     | Killed Kirke
 10333 | D:12     | Noticed Snorg
 10357 | D:12     | Killed Snorg
 10651 | D:13     | Found a flagged portal.
 10654 | D:13     | Noticed a centaur warrior
 10664 | D:13     | Killed a centaur warrior
 10674 | Bailey   | Entered a bailey
 10874 | D:13     | Identified a scroll of acquirement
 10901 | D:13     | Noticed Urug
 10923 | D:13     | Killed Urug
 10923 | D:13     | Reached XP level 13. HP: 97/121 MP: 8/8
 10959 | D:13     | Reached skill level 13 in Maces & Flails
 11005 | D:13     | Found a labyrinth entrance.
 11029 | Lab      | Entered a labyrinth
 11370 | Lab      | Reached ****** piety under the Shining One
 11378 | Lab      | Noticed a minotaur
 11387 | Lab      | Killed a minotaur
 11764 | D:13     | Identified a +5 morningstar of holy wrath (a +3 morningstar of protection blessed by the Shining One)
 11764 | D:13     | Received a gift from the Shining One
 11813 | D:13     | Found Heiqum's Antique Weapon Shop.
 12965 | D:14     | Noticed Rupert
 12968 | D:14     | Found a gate to the Vaults.
 12992 | D:14     | Killed Rupert
 12998 | D:14     | Reached skill level 14 in Maces & Flails
 13077 | D:14     | Gained mutation: You resist negative energy. (rN+) [Deep Dwarf growth]
 13077 | D:14     | Reached XP level 14. HP: 85/130 MP: 5/5
 13421 | D:15     | Entered Level 15 of the Dungeon
 13496 | D:15     | Reached skill level 10 in Fighting
 13970 | D:15     | Found a staircase to the Depths.
 14347 | Depths:1 | Entered Level 1 of the Depths
 14397 | Depths:1 | Noticed a stone giant
 14406 | Depths:1 | Killed a stone giant
 14444 | Depths:1 | Noticed a frost giant
 14502 | Depths:1 | Noticed a stone giant
 14533 | Depths:1 | Killed a stone giant
 14567 | Depths:1 | Reached skill level 15 in Maces & Flails
 14594 | Depths:1 | Found a gateway to Hell.
 14793 | Hell     | Entered the Vestibule of Hell
 14793 | Hell     | Noticed Geryon
 14816 | Hell     | HP: 2/133 [hell beast[Geryon] (14)]
 14831 | Hell     | Noticed a reaper
 14842 | Hell     | HP: 6/133 [reaper/scythe of distortion (1)]
 14848 | Hell     | Killed a reaper
 14849 | Hell     | Noticed a reaper
 14874 | Hell     | Killed a reaper
 14929 | Hell     | Noticed a reaper
 14939 | Hell     | Killed a reaper
 15028 | Hell     | Noticed a war gargoyle
 15039 | Hell     | Killed a war gargoyle
 15039 | Hell     | Reached XP level 15. HP: 90/140 MP: 2/2
 15091 | Hell     | Found a gateway to the freezing wastes of Cocytus.
 15319 | Hell     | Killed Geryon
 15345 | Hell     | Noticed a shadow dragon
 15361 | Hell     | Killed a shadow dragon
 15362 | Hell     | Found a gateway to the decaying netherworld of Tartarus.
 15428 | Hell     | Found a gateway to the Iron City of Dis.
 15437 | Dis:1    | Entered Level 1 of the Iron City of Dis
 15437 | Dis:1    | Found a gateway to Hell.
 15485 | Dis:1    | Reached skill level 16 in Maces & Flails
 15486 | Dis:1    | Reached skill level 15 in Invocations
 15499 | Dis:1    | Reached skill level 15 in Shields
 15986 | Dis:1    | HP: 6/140 [hell knight/bolt of fire (22)]
 15989 | Dis:1    | The Shining One protects you from harm!
 15996 | Dis:1    | Mangled by a hell knight

Skill      XL: |  1  2  3  4  5  6  7  8  9 10 11 12 13 14 15 |
---------------+----------------------------------------------+-----
Fighting       | 3 4 5 6 7 8 9 10 | 10.5
Maces & Flails | 3 4 5 6 7 8 10 11 12 14 15 16 | 16.3
Shields        | 4 5 6 7 8 9 10 12 14 15 | 15.4
Armour         | 4 5 6 7 8 9 10 11 12 | 12.2
Invocations    | 2 4 6 7 9 11 12 13 15 | 15.6

Action                   |  1- 3 |  4- 6 |  7- 9 | 10-12 | 13-15 || total
-------------------------+-------+-------+-------+-------+-------++-------
Melee: Flail             |   141 |   185 |   212 |   135 |       ||   673
       Whip              |       |    45 |       |   850 |       ||   895
       Morningstar       |       |       |       |    13 |  1007 ||  1020
Invok: Summon Divine War |       |       |       |     1 |       ||     1
       Cleansing Flame   |       |       |       |       |    10 ||    10
       Brand Weapon With |       |       |       |       |     1 ||     1
 Abil: Heal Wounds       |       |     5 |    16 |    28 |    30 ||    79
Evoke: Wand              |       |       |     2 |    11 |     4 ||    17
  Use: Scroll            |       |    12 |     1 |    16 |    10 ||    39
       Potion            |       |       |       |       |     9 ||     9
  Eat: Chunk             |     2 |     5 |     9 |    18 |     7 ||    41
       Ration            |       |       |     1 |     1 |     6 ||     8
Armor: Scale mail        |    82 |    89 |       |       |       ||   171
       Chain mail        |       |    14 |   102 |   148 |       ||   264
       Skin              |       |       |     9 |       |       ||     9
       Plate armour      |       |       |       |   108 |   332 ||   440
Dodge: Dodged            |    56 |    65 |    61 |   130 |   144 ||   456
Block: Shield            |    94 |   133 |   140 |   503 |   620 ||  1490
       Reflection        |       |       |       |    43 |    17 ||    60
